[Event "Team 45 45 League T55"]
[Site "Internet Chess Club"]
[Date "2012.12.15"]
[Round "5"]
[White "charles-allen"]
[Black "frank001"]
[Result "1-0"]
[WhiteElo "1897"]
[BlackElo "1684"]
[Opening "Sicilian: Alapin's variation (2.c3)"]
[ECO "B22"]
[Time "21:00:15"]
[TimeControl "2700+45"]

1. e4 c5 2. c3 d5 3. exd5 Qxd5 4. d4 g6 5. Nf3 Bg7 6. Be3 cxd4 7. cxd4 Nf6 8.
Nc3 Qd8 9. Bc4 O-O 10. O-O Nc6 11. d5 Na5 12. Be2 Bg4 13. Rc1 Rc8 14. b3 a6 15.
Qd2 b5 16. Rfd1 Nb7 17. h3 Bxf3 18. Bxf3 Nd6 19. a4 Nd7 20. axb5 axb5 21. Bd4
Ne5 22. Be2 Rb8 23. Rc2 f5 24. Qf4 Nd7 25. Bxg7 Kxg7 26. Qd4+ Kg8 27. Ra1 b4 28.
Na4 Ne4 29. Bf3 Ndf6 30. Bxe4 Nxe4 31. Nc5 Nxc5 32. Rxc5 Qd7 33. Rac1 Rfd8 34.
Qc4 Qd6 35. Re1 Rb7 36. Re6 Qd7 37. d6 exd6 38. Rxg6+ {Black resigns} 1-0

[Event "Team 45 45 League T55"]
[Site "Internet Chess Club"]
[Date "2012.12.14"]
[Round "5"]
[White "FlyingTiger"]
[Black "j65536d"]
[Result "0-1"]
[WhiteElo "1724"]
[BlackElo "1896"]
[Opening "Sicilian: closed"]
[ECO "B23"]
[Time "20:00:08"]
[TimeControl "2700+45"]

1. e4 c5 2. Nc3 e6 3. Nf3 Nc6 4. Bb5 a6 5. Bd3 b5 6. e5 g6 7. Be4 Nge7 8. d4
cxd4 9. Nxd4 Bb7 10. Bg5 Bg7 11. Nxc6 Bxc6 12. Bxc6 dxc6 13. Qxd8+ Rxd8 14. f4
Rd7 15. Bxe7 Kxe7 16. Ke2 Rhd8 17. Rad1 f6 18. Rxd7+ Rxd7 19. exf6+ Bxf6 20. Rd1
Bxc3 21. Rxd7+ Kxd7 22. bxc3 Kd6 23. Ke3 Kd5 24. g4 h6 25. h4 h5 26. g5 e5 27.
fxe5 Kxe5 28. a3 c5 29. c4 b4 30. axb4 cxb4 31. Kd3 a5 32. c3 b3 33. Kd2 a4 34.
Kc1 a3 35. Kb1 Kd6 36. Ka1 Kc5 {White resigns} 0-1

[Event "Team 45 45 League T55"]
[Site "Internet Chess Club"]
[Date "2012.12.12"]
[Round "5"]
[White "ChessicalZ"]
[Black "Portola"]
[Result "1-0"]
[WhiteElo "1856"]
[BlackElo "1757"]
[Opening "English: Neo-Catalan declined"]
[ECO "A14"]
[Time "17:00:28"]
[TimeControl "2700+45"]

1. c4 e6 2. g3 d5 3. Bg2 Nf6 4. Nf3 Be7 5. O-O O-O 6. Qc2 c5 7. d4 b6 8. Rd1 Bb7
9. Nc3 Qc8 10. cxd5 exd5 11. Bg5 Rd8 12. dxc5 bxc5 13. Na4 d4 14. Bxf6 gxf6 15.
Rac1 Na6 16. Nd2 Bxg2 17. Kxg2 Rb8 18. b3 Nb4 19. Qb1 Rd5 20. Nc4 Rh5 21. h4 Qg4
22. Rh1 Qxe2 23. Rce1 Qxa2 24. Rxe7 Rd5 25. Qxa2 Nxa2 26. Nd2 a5 27. Rhe1 Rb5
28. Rc7 Re5 29. Rxe5 fxe5 30. Rxc5 Rxc5 31. Nxc5 Nc3 32. Nc4 e4 33. Nxe4 Nxe4
34. Kf3 Nc5 35. Nxa5 f5 36. b4 Nd3 37. Nc6 Kf7 38. b5 Ke8 39. Nxd4 Ne5+ 40. Kf4
Nd3+ 41. Ke3 Nc5 42. Nxf5 Kf7 43. Kd4 Nd7 44. Kd5 Kf6 45. Ne3 Ke7 46. Nc4 Nb8
47. g4 Nd7 48. g5 {Black resigns} 1-0

[Event "Team 45 45 League T55"]
[Site "Internet Chess Club"]
[Date "2012.12.16"]
[Round "5"]
[White "Kravier"]
[Black "tightfist"]
[Result "0-1"]
[WhiteElo "1673"]
[BlackElo "1668"]
[Opening "Queen's pawn game, Darooha variation "]
[ECO "D02"]
[Time "21:03:28"]
[TimeControl "2700+45"]

1. Nf3 Nf6 2. d4 d5 3. h3 e6 4. Bf4 Bd6 5. Bxd6 cxd6 6. Nc3 O-O 7. e3 Nc6 8. Be2
b6 9. O-O a5 10. Nb5 Ba6 11. a4 Bxb5 12. axb5 Ne7 13. c4 Rc8 14. b3 Ne4 15. Qb1
Nc3 16. Qb2 Nxe2+ 17. Qxe2 Qc7 18. Rfc1 Qb7 19. Qb2 Ng6 20. b4 axb4 21. cxd5
Qxd5 22. Qxb4 Rfd8 23. Nd2 e5 24. Qb3 Qxb3 25. Nxb3 Kf8 26. Kf1 Ke7 27. Rc6 Rxc6
{White forfeits on time} 0-1

[Event "Team 45 45 League T55"]
[Site "Internet Chess Club"]
[Date "2012.12.15"]
[Round "5"]
[White "chess123"]
[Black "kidviper"]
[Result "1/2-1/2"]
[WhiteElo "1798"]
[BlackElo "1941"]
[Opening "Trompowsky attack (Ruth, Opocenský opening)"]
[ECO "A45"]
[Time "09:06:38"]
[TimeControl "2700+45"]

1. d4 Nf6 2. Bg5 h6 3. Bh4 c5 4. d5 Qb6 5. Bxf6 gxf6 6. b3 f5 7. c3 Bg7 8. e3 d6
9. Bd3 Na6 10. Ne2 Nb4 11. Nf4 Nxd3+ 12. Qxd3 Bd7 13. Nh5 Rg8 14. Nd2 Qa5 15.
Nxg7+ Rxg7 16. O-O Qc7 17. f4 O-O-O 18. Rf2 Rdg8 19. Nc4 b5 20. Nb2 Kb7 21. c4
b4 22. a3 a5 23. axb4 axb4 24. Qb1 Ra8 25. Rxa8 Kxa8 26. Nd3 Kb8 27. Ra2 Qb7 28.
Qa1 f6 29. Ra6 Bc8 30. Ra5 Bd7 31. Ra6 Bc8 32. Rc6 Bd7 33. Ra6 Bc8 34. Ra5 Bd7
35. Nb2 e6 36. Ra6 exd5 37. Qa5 dxc4 38. Rb6 Rxg2+ 39. Kf1 Rxb2 40. Rxb7+ Kxb7
41. bxc4 b3 42. Qa3 Rb1+ 43. Kf2 Bc6 44. Kg3 Be4 45. Kh4 Bc2 46. Qa4 Rd1 47.
Qd7+ Kb6 48. Qd8+ Kb7 {Game drawn by mutual agreement} 1/2-1/2

[Event "Team 45 45 League T55"]
[Site "Internet Chess Club"]
[Date "2012.12.17"]
[Round "5"]
[White "hewdondada"]
[Black "pishd"]
[Result "1/2-1/2"]
[WhiteElo "1776"]
[BlackElo "1781"]
[Opening "QGD: Charousek (Petrosian) variation"]
[ECO "D31"]
[Time "09:24:01"]
[TimeControl "2700+45"]

1. d4 d5 2. c4 e6 3. Nc3 Be7 4. Nf3 Nf6 5. cxd5 exd5 6. Qc2 O-O 7. Bf4 c6 8. e3
Bd6 9. Bxd6 Qxd6 10. Bd3 Nbd7 11. O-O Re8 12. Rab1 Nf8 13. b4 a6 14. Na4 Ne4 15.
Nb6 Rb8 16. Nxc8 Rbxc8 17. a3 Re6 18. Bxe4 Rxe4 19. Qc5 Re6 20. a4 f5 21. Ne5 f4
22. Rbc1 Qxc5 23. bxc5 fxe3 24. fxe3 Rf6 25. Rb1 Rxf1+ 26. Rxf1 Rc7 {Game drawn
by mutual agreement} 1/2-1/2

[Event "Team 45 45 League T55"]
[Site "Internet Chess Club"]
[Date "2012.12.12"]
[Round "5"]
[White "justice02"]
[Black "toukon"]
[Result "1-0"]
[WhiteElo "1720"]
[BlackElo "1698"]
[Opening "QGD Slav: Slav gambit"]
[ECO "D15"]
[Time "20:00:29"]
[TimeControl "2700+45"]

1. d4 d5 2. c4 c6 3. Nc3 Nf6 4. Nf3 dxc4 5. e4 b5 6. Qc2 e6 7. g3 Bb7 8. Bg2 Be7
9. O-O O-O 10. Rd1 a6 11. h3 Nbd7 12. e5 Nd5 13. Ne4 Re8 14. a3 c5 15. Nfg5 g6
16. h4 cxd4 17. Rxd4 Nxe5 18. Nc3 Qb6 19. Nxd5 Qxd4 20. Be3 Qd3 21. Nxe7+ Rxe7
22. Qc1 Bxg2 23. Kxg2 Qd5+ 24. f3 h6 25. Ne4 Nd3 26. Nf6+ Kf8 27. Bxh6# {Black
checkmated} 1-0

[Event "Team 45 45 League T55"]
[Site "Internet Chess Club"]
[Date "2012.12.16"]
[Round "5"]
[White "kidcobra"]
[Black "timothysmall56"]
[Result "1-0"]
[WhiteElo "1746"]
[BlackElo "1743"]
[Opening "Sicilian: Najdorf, 7.f4"]
[ECO "B96"]
[Time "17:05:56"]
[TimeControl "2700+45"]

1. e4 c5 2. Nf3 d6 3. d4 cxd4 4. Nxd4 Nf6 5. Nc3 a6 6. Bg5 e6 7. f4 h6 8. Bh4
Be7 9. Qf3 O-O 10. O-O-O e5 11. Bxf6 Bxf6 12. fxe5 Bxe5 13. Nb3 Qg5+ 14. Kb1 Bg4
15. Qd3 Bxd1 16. Nxd1 Nc6 17. Nd2 Nb4 18. Qe2 Bf4 19. Nf3 Qa5 20. a3 Nc6 21. Nc3
Rfe8 22. g3 Be5 23. Nxe5 Rxe5 24. Bg2 Rae8 25. Rf1 Ne7 26. Qf3 f6 27. Rd1 Rd8
28. Qg4 d5 29. exd5 Nxd5 30. Bxd5+ Rdxd5 31. Rxd5 Rxd5 32. Qe6+ Kh7 33. Qxd5 Qc7
34. Qe4+ Kh8 35. Nd5 Qc6 36. Qd3 Qc5 37. Ne3 Qe7 38. Kc1 b5 39. Kd2 Qc5 40. Qd5
Qb6 41. Ke2 Qc7 42. c3 Qe7 43. Kd3 Qe8 44. Qe4 Qd7+ 45. Qd5 Qh3 46. Qg2 Qd7+ 47.
Kc2 Qe8 48. Kd2 Qd7+ 49. Ke2 Qe8 50. Qd5 Qc8 51. Nf5 Qe8+ 52. Kf2 Qh5 53. Kg1
Qe2 54. Qg2 Qd1+ 55. Qf1 Qc2 56. Qf2 Qb1+ 57. Kg2 Qe4+ 58. Qf3 Qc2+ 59. Kh3 Kh7
60. Ne7 Qxb2 61. Qf5+ {Black resigns} 1-0

[Event "Team 45 45 League T55"]
[Site "Internet Chess Club"]
[Date "2012.12.16"]
[Round "5"]
[White "Pinkberry"]
[Black "HomerSimpson"]
[Result "1-0"]
[WhiteElo "2100"]
[BlackElo "2055"]
[Opening "Owen defense"]
[ECO "B00"]
[Time "12:10:35"]
[TimeControl "2700+45"]

1. e4 b6 2. d4 Bb7 3. Bd3 Nf6 4. Qe2 Nc6 5. Nf3 Nb4 6. Nc3 Nxd3+ 7. Qxd3 e6 8.
O-O Be7 9. Re1 O-O 10. Bf4 d5 11. exd5 Nxd5 12. Nxd5 Bxd5 13. Ne5 c5 14. Rad1
cxd4 15. Qxd4 Bc5 16. Qd3 Qf6 17. Qg3 Rad8 18. c4 Bb7 19. Nd7 Qf5 20. Nxf8 Rxd1
21. Rxd1 Bxf8 22. Be5 f6 23. Bd6 Qc2 24. Qd3 Be4 25. Qxc2 Bxc2 26. Rd2 Bb1 27.
a3 Ba2 28. Bxf8 Kxf8 29. Rd7 Bxc4 30. Rxa7 b5 31. f3 Kg8 32. Kf2 h5 33. Ke3 h4
34. g3 Kh7 35. gxh4 Kh6 36. Kd4 Be2 37. f4 g6 38. Ra6 Bc4 39. a4 Bf1 40. a5 Bc4
41. Ra8 Bd5 42. Rb8 Kh5 43. a6 Kxh4 44. a7 {Black resigns} 1-0

[Event "Team 45 45 League T55"]
[Site "Internet Chess Club"]
[Date "2012.12.17"]
[Round "5"]
[White "TerryMalloy"]
[Black "Justi"]
[Result "1/2-1/2"]
[WhiteElo "2020"]
[BlackElo "2068"]
[Opening "Sicilian: Tartakower variation"]
[ECO "B53"]
[Time "18:01:55"]
[TimeControl "2700+45"]

1. e4 c5 2. d4 cxd4 3. Nf3 d6 4. c3 Nf6 5. Bd3 dxc3 6. Nxc3 Nc6 7. O-O e6 8. Qe2
a6 9. Rd1 Qc7 10. Bf4 Ng4 11. Rac1 Qb8 12. Bb1 Nge5 13. Qd2 Be7 14. Na4 b5 15.
Bxe5 Nxe5 16. Nxe5 dxe5 17. Nb6 O-O 18. Nxa8 Qxa8 19. Rc7 Bf6 20. Rdc1 h6 21.
Qc3 Bb7 22. f3 Bd8 23. Rd7 Bb6+ 24. Kh1 Rc8 25. Qd2 Bd4 26. Rcc7 Rxc7 27. Rxc7
Qb8 28. Qc2 Bxb2 29. Rxb7 Qxb7 30. Qxb2 Qd7 31. Qc2 Qd4 32. g3 Kh7 33. Kg2 g5
34. h4 Kg6 35. Qc1 a5 36. Qf1 b4 37. Qf2 Qc3 38. Bc2 Qa3 39. hxg5 hxg5 40. f4
gxf4 41. gxf4 Qxa2 42. f5+ Kh6 43. Qh4+ Kg7 44. Qg5+ Kf8 45. Qd8+ Kg7 46. f6+
Kg6 47. Kg3 Qxc2 48. Qg8+ Kxf6 49. Qd8+ Kg7 50. Qg5+ Kh7 51. Qh5+ Kg8 52. Qg5+
Kh8 53. Qh6+ Kg8 54. Qg5+ Kh7 55. Qh5+ Kg7 56. Qg5+ Kf8 57. Qd8+ Kg7 58. Qg5+
Kh8 59. Qh6+ Kg8 60. Qg5+ {Game drawn by repetition} 1/2-1/2

[Event "Team 45 45 League T55"]
[Site "Internet Chess Club"]
[Date "2012.12.15"]
[Round "5"]
[White "chess09"]
[Black "chsrules88"]
[Result "1-0"]
[WhiteElo "1989"]
[BlackElo "2007"]
[Opening "QGD: Chigorin defense"]
[ECO "D07"]
[Time "16:00:15"]
[TimeControl "2700+45"]

1. d4 d5 2. c4 Nc6 3. Nf3 Bg4 4. cxd5 Bxf3 5. dxc6 Bxc6 6. Nc3 e6 7. a3 Nf6 8.
Bg5 h6 9. Bh4 Be7 10. e3 O-O 11. f3 Nd5 12. Bxe7 Qxe7 13. e4 Nf6 14. Bc4 Nh5 15.
O-O Rad8 16. Qd2 a6 17. b4 Qf6 18. Rad1 e5 19. d5 Nf4 20. Ne2 Ba4 21. Rb1 Ng6
22. Kh1 c6 23. Nc3 Bb5 24. Bxb5 axb5 25. Rfd1 Ra8 26. Ra1 Rfd8 27. Qe3 Ra6 28.
a4 bxa4 29. Rxa4 Rxa4 30. Nxa4 cxd5 31. exd5 Nf4 32. Nc3 Qe7 33. Qc5 Qd7 34. d6
f6 35. g3 Ne6 36. Qd5 Kh8 37. Ne4 Nd4 38. f4 Qa4 39. Rf1 Qa6 40. Rf2 Nc2 41. Qa5
Qxa5 42. bxa5 exf4 43. Rxc2 f5 44. Nc5 Rxd6 45. Nxb7 Rd7 46. a6 fxg3 47. hxg3
Rd1+ 48. Kg2 Ra1 49. Rc8+ Kh7 50. Nc5 Kg6 51. Rc7 Kf6 52. a7 Ke5 53. Nb3 Ra2+
54. Kf1 g5 55. Rc5+ Kd6 56. Ra5 {Black resigns} 1-0

[Event "Team 45 45 League T55"]
[Site "Internet Chess Club"]
[Date "2012.12.15"]
[Round "5"]
[White "Muravey"]
[Black "Marcosm06"]
[Result "1-0"]
[WhiteElo "2093"]
[BlackElo "1689"]
[Opening "Scandinavian defense"]
[ECO "B01"]
[Time "14:01:22"]
[TimeControl "2700+45"]

1. e4 d5 2. exd5 Nf6 3. d4 Bg4 4. Nf3 Qxd5 5. Be2 Nc6 6. Be3 O-O-O 7. O-O e6 8.
Nc3 Qf5 9. h3 Bxf3 10. Bxf3 Nd5 11. Nxd5 exd5 12. Bg4 {Black resigns} 1-0

[Event "Team 45 45 League T55"]
[Site "Internet Chess Club"]
[Date "2012.12.17"]
[Round "5"]
[White "Barrett-CCSCSL"]
[Black "primerpaso"]
[Result "0-1"]
[WhiteElo "2114"]
[BlackElo "1922"]
[Opening "Sicilian"]
[ECO "B50"]
[Time "21:11:11"]
[TimeControl "2700+45"]

1. e4 c5 2. Nf3 d6 3. d3 Nc6 4. g3 g6 5. Bg2 Bg7 6. O-O e6 7. Nbd2 Nge7 8. c3
O-O 9. Nc4 d5 10. Ne3 d4 11. cxd4 cxd4 12. Nc4 e5 13. Bd2 h6 14. a4 Rb8 15. a5
b5 16. axb6 axb6 17. b4 b5 18. Na5 Be6 19. Nb3 Bxb3 20. Qxb3 Ra8 21. Ra3 Rxa3
22. Qxa3 Qd6 23. Rc1 Rb8 24. Rc5 Nd8 25. Qa7 Rb7 26. Qa5 Qb8 27. Ne1 Ne6 28. Nc2
Nxc5 29. bxc5 Rc7 30. Nb4 Ra7 31. Qb6 Qxb6 32. cxb6 Rb7 33. Nd5 Nxd5 34. exd5
Rxb6 35. Ba5 Ra6 36. Bc7 Ra1+ 37. Bf1 Kf8 38. f4 exf4 39. Bxf4 g5 40. Bd6+ Ke8
41. Kf2 Bf8 42. Be5 Rxf1+ 43. Kxf1 Bc5 44. g4 Ke7 45. Ke2 f6 46. Bg3 Bd6 47. Bf2
Be5 48. Be1 Bxh2 49. Kf3 Bd6 50. Ke4 Bc5 51. Bd2 b4 52. Bc1 b3 53. Bb2 Kd6 54.
Ba1 Ba3 55. Bxd4 b2 56. Bxb2 Bxb2 57. d4 Ba1 58. Kf5 Bxd4 59. Kg6 {White
resigns} 0-1

[Event "Team 45 45 League T55"]
[Site "Internet Chess Club"]
[Date "2012.12.16"]
[Round "5"]
[White "bshribharath"]
[Black "CaoCao"]
[Result "0-1"]
[WhiteElo "1796"]
[BlackElo "1871"]
[Opening "English: symmetrical, Benoni formation"]
[ECO "A31"]
[Time "09:04:07"]
[TimeControl "2700+45"]

1. d4 Nf6 2. c4 c5 3. Nf3 e6 4. g3 cxd4 5. Nxd4 Nc6 6. Bg2 Qb6 7. Nb3 Bb4+ 8.
N1d2 a5 9. a3 Be7 10. Ne4 Nxe4 11. Bxe4 a4 12. Nd2 f5 13. Bc2 Qa6 14. O-O O-O
15. e3 b5 16. cxb5 Qxb5 17. Nb1 Ba6 18. Re1 Ne5 19. Nc3 Qb7 20. e4 Bc5 21. Kg2
fxe4 22. Bxe4 Rxf2+ 23. Kh3 d5 24. Bxd5 exd5 25. Rxe5 Qd7+ 26. g4 Bf1+ 27. Qxf1
{White resigns} 0-1

[Event "Team 45 45 League T55"]
[Site "Internet Chess Club"]
[Date "2012.12.17"]
[Round "5"]
[White "jotap"]
[Black "az2112"]
[Result "0-1"]
[WhiteElo "1546"]
[BlackElo "1679"]
[Opening "Sicilian: dragon, Yugoslav attack, Rauser variation"]
[ECO "B76"]
[Time "11:00:35"]
[TimeControl "2700+45"]

1. e4 c5 2. Nf3 d6 3. d4 cxd4 4. Nxd4 Nf6 5. Nc3 g6 6. f3 Bg7 7. Be3 O-O 8. Qd2
Nc6 9. O-O-O Bd7 10. Nxc6 Bxc6 11. Bh6 Qa5 12. Bxg7 Kxg7 13. h4 h5 14. Be2 Qc5
15. Rdg1 Rac8 16. Bd1 b5 17. g4 hxg4 18. fxg4 b4 19. Nb1 Nxe4 20. Qf4 Nf2 21.
Rh2 Nd3+ {White resigns} 0-1

[Event "Team 45 45 League T55"]
[Site "Internet Chess Club"]
[Date "2012.12.16"]
[Round "5"]
[White "QueensCounselor"]
[Black "steadman"]
[Result "1/2-1/2"]
[WhiteElo "2104"]
[BlackElo "2119"]
[Opening "Sicilian: Taimanov variation"]
[ECO "B49"]
[Time "09:06:26"]
[TimeControl "2700+45"]

1. e4 c5 2. Nf3 Nc6 3. d4 cxd4 4. Nxd4 e6 5. Nc3 Qc7 6. Be3 a6 7. Be2 Nf6 8. O-O
Bb4 9. Na4 Be7 10. f3 d5 11. Nxc6 Qxc6 12. Nc3 dxe4 13. fxe4 O-O 14. Bf3 Nd7 15.
Qe1 Bc5 16. Bxc5 Qxc5+ 17. Qf2 Qxf2+ 18. Rxf2 Ne5 19. Rd1 Bd7 20. Rfd2 Bc6 21.
Be2 Rac8 22. a4 Rfe8 23. a5 Kf8 24. Kf2 Re7 25. Rd8+ Rxd8 26. Rxd8+ Be8 27. Rc8
Nc6 28. Ke3 Nxa5 29. Na4 Nc6 30. Nc5 Ne5 31. b4 f6 {Game drawn by mutual
agreement} 1/2-1/2

[Event "Team 45 45 League T55"]
[Site "Internet Chess Club"]
[Date "2012.12.16"]
[Round "5"]
[White "CHENENE"]
[Black "fledermaus"]
[Result "0-1"]
[WhiteElo "1599"]
[BlackElo "1998"]
[Opening "QGD: Cambridge Springs defense"]
[ECO "D52"]
[Time "18:16:50"]
[TimeControl "2700+45"]

1. d4 d5 2. c4 e6 3. Nc3 Nf6 4. Bg5 Nbd7 5. e3 c6 6. Nf3 Qa5 7. Nd2 Bb4 8. Bxf6
Nxf6 9. Qc2 Ne4 10. Ncxe4 dxe4 11. a3 f5 12. Rd1 Bd6 13. g3 O-O 14. Be2 Qd8 15.
O-O Bd7 16. c5 Bc7 17. Nc4 Qf6 18. f3 exf3 19. Bxf3 Rad8 20. Nd6 Bc8 21. e4 fxe4
22. Bxe4 Qh6 23. Nxc8 Rxc8 24. Qb3 Bb8 25. Kg2 Rxf1 26. Rxf1 Rc7 27. Qf3 g5 28.
b4 Qg7 29. Bc2 Rf7 30. Qxf7+ Qxf7 31. Rxf7 Kxf7 32. Bxh7 e5 33. Kf3 exd4 34. Ke4
Kf6 35. Kxd4 Be5+ 36. Kc4 Ke6 37. a4 Bf6 38. a5 Kd7 39. Bf5+ Kc7 40. h3 Be7 41.
Kd3 Bf6 42. Be6 b6 43. cxb6+ axb6 44. a6 Be7 45. Ke4 Bxb4 46. h4 gxh4 47. gxh4
b5 48. Bd7 Bc5 49. h5 Ba3 50. h6 Kb6 51. Bc8 Bb2 52. Kd3 Bh8 53. Kc2 c5 54. h7
c4 55. Bb7 b4 56. Bd5 Kxa6 57. Bxc4+ Kb6 {White resigns} 0-1

[Event "Team 45 45 League T55"]
[Site "Internet Chess Club"]
[Date "2012.12.16"]
[Round "5"]
[White "SaltofLife"]
[Black "Drekov"]
[Result "0-1"]
[WhiteElo "1889"]
[BlackElo "1871"]
[Opening "QGD Slav: exchange variation"]
[ECO "D13"]
[Time "15:41:29"]
[TimeControl "2700+45"]

1. d4 d5 2. Nf3 Nf6 3. c4 c6 4. cxd5 cxd5 5. Nc3 Nc6 6. Bf4 e6 7. e3 Bd6 8. Bg3
O-O 9. Bd3 Bxg3 10. hxg3 h6 11. O-O Qd6 12. Bb5 Bd7 13. Bxc6 Bxc6 14. Ne5 Rac8
15. g4 Rc7 16. f4 Nd7 17. g5 hxg5 18. Nxd7 Bxd7 19. fxg5 Qg3 20. Qf3 Qxg5 21.
Rae1 f5 22. g3 b5 23. a3 a5 24. Kf2 b4 25. axb4 axb4 26. Ne2 Rc2 27. Rb1 Bb5 28.
Rfe1 Bd3 29. Rbc1 Bxe2 {White resigns} 0-1

[Event "Team 45 45 League T55"]
[Site "Internet Chess Club"]
[Date "2012.12.15"]
[Round "5"]
[White "frank001"]
[Black "Wholebrain"]
[Result "0-1"]
[WhiteElo "1692"]
[BlackElo "1964"]
[Opening "Sicilian: Smith-Morra gambit"]
[ECO "B21"]
[Time "04:04:58"]
[TimeControl "2700+45"]

1. e4 c5 2. d4 cxd4 3. c3 Nc6 4. Nf3 e6 5. a3 d6 6. cxd4 Nf6 7. Nc3 d5 8. e5 Ne4
9. Bd3 Nxc3 10. bxc3 Be7 11. O-O Bd7 12. Bc2 Rc8 13. Qd3 Na5 14. g3 Qc7 15. Bd2
Nc4 16. Bc1 Bb5 17. Qd1 Nb6 18. Bd3 Bxd3 19. Qxd3 Qxc3 20. Qb5+ Rc6 21. Bd2 Qxf3
22. Rfc1 O-O {White resigns} 0-1

[Event "Team 45 45 League T55"]
[Site "Internet Chess Club"]
[Date "2012.12.13"]
[Round "5"]
[White "daniguti"]
[Black "avila"]
[Result "1/2-1/2"]
[WhiteElo "1876"]
[BlackElo "1974"]
[Opening "Sicilian, Szén (`anti-Taimanov') variation"]
[ECO "B44"]
[Time "17:30:23"]
[TimeControl "2700+45"]

1. e4 c5 2. Nf3 e6 3. d4 cxd4 4. Nxd4 Nc6 5. Nb5 d6 6. c4 Nf6 7. N1c3 Be7 8. Bf4
e5 9. Bg5 O-O 10. Be2 a6 11. Na3 h6 12. Be3 Be6 13. O-O b6 14. f3 Nd7 15. Nc2
Kh8 16. Bf2 f5 17. exf5 Bxf5 18. Ne3 Bg6 19. Ned5 Bh4 20. Be3 Bg5 21. Qd2 Bxe3+
22. Nxe3 Nd4 23. Bd3 Qg5 24. Kh1 Bxd3 25. Qxd3 Nc5 26. Qd2 Nce6 27. Rad1 Rad8
28. Ned5 Qxd2 29. Rxd2 Rb8 30. Ne4 Rfd8 {Game drawn by mutual agreement} 1/2-1/2

[Event "Team 45 45 League T55"]
[Site "Internet Chess Club"]
[Date "2012.12.16"]
[Round "5"]
[White "xwang1"]
[Black "nurmi"]
[Result "1/2-1/2"]
[WhiteElo "2008"]
[BlackElo "1922"]
[Opening "Pirc defense"]
[ECO "B07"]
[Time "16:04:17"]
[TimeControl "2700+45"]

1. e4 d6 2. d4 Nf6 3. Nc3 e5 4. dxe5 dxe5 5. Qxd8+ Kxd8 6. Be3 Be6 7. Nf3 Bd6 8.
Ng5 Nbd7 9. f3 a6 10. a4 Ke7 11. Be2 h6 12. Nxe6 fxe6 13. a5 Bc5 14. Bd2 Rhd8
15. Na4 Bd4 16. c3 Ba7 17. Kd1 Nc5 18. Kc2 Nb3 19. Rad1 Nxd2 20. Rxd2 Rxd2+ 21.
Kxd2 Rd8+ 22. Kc2 Be3 23. Rd1 Rxd1 24. Kxd1 Bg1 25. h3 Nh5 26. b4 Kf6 27. Nb2 g6
28. Nd3 Nf4 29. Nxf4 exf4 30. Bc4 {Game drawn by mutual agreement} 1/2-1/2

[Event "Team 45 45 League T55"]
[Site "Internet Chess Club"]
[Date "2012.12.20"]
[Round "5"]
[White "kidviper"]
[Black "npranav"]
[Result "0-1"]
[WhiteElo "1916"]
[BlackElo "1758"]
[Opening "Benoni defense"]
[ECO "A61"]
[Time "18:32:15"]
[TimeControl "2700+45"]

1. d4 Nf6 2. Nf3 c5 3. d5 e6 4. c4 exd5 5. cxd5 d6 6. Nc3 g6 7. h3 a6 8. a4 Qe7
9. Bf4 Bg7 10. e3 O-O 11. Bd3 Nbd7 12. a5 Nh5 13. O-O f5 14. Nd2 Ne5 15. Bxe5
Bxe5 16. Nc4 f4 17. Be2 Bxc3 18. bxc3 Qg5 19. Bg4 Nf6 20. Bxc8 Raxc8 21. Nxd6
Rcd8 22. exf4 Qxf4 23. Nxb7 Rxd5 24. Qe2 Rd2 25. Qe6+ Kh8 26. Nxc5 Re8 27. Qf7
Qd6 28. Ne4 Rxe4 29. Rfe1 Rde2 30. Red1 Qe7 31. Qxe7 Rxe7 32. Rd6 R2e6 33. Rb6
Rxb6 34. axb6 Rb7 35. Rxa6 Nd5 36. Ra7 Rxb6 37. c4 Nb4 38. Rc7 Rc6 39. Rb7 Rxc4
40. g4 Nd3 41. Rb3 Nf4 42. Re3 Rd4 43. Rf3 g5 44. Kh2 Rd3 45. Rg3 Kg7 46. f3
Rd2+ 47. Kh1 Kf6 48. Rg1 Nxh3 49. Ra1 Nf2+ 50. Kg2 Nxg4+ 51. Kg3 Ne5 52. f4 Rd3+
53. Kf2 Rf3+ 54. Kg2 Rxf4 55. Ra6+ Kf5 56. Ra7 h5 57. Rh7 h4 58. Rh8 Kg4 59. Rc8
h3+ 60. Kg1 Nf3+ 61. Kh1 Re4 62. Rc4 Nd2 63. Rc1 Re2 64. Ra1 Nf3 65. Ra4+ Kh5
66. Rh4+ Nxh4 67. Kg1 Rg2+ 68. Kh1 Ra2 69. Kg1 h2+ 70. Kh1 Ra1+ 71. Kxh2 g4 72.
Kg3 Rg1+ 73. Kf4 g3 74. Ke3 g2 75. Kf2 Rf1+ 76. Ke2 g1=Q 77. Kd2 Rf3 78. Ke2
Qg2+ 79. Ke1 Rf1# {White checkmated} 0-1

[Event "Team 45 45 League T55"]
[Site "Internet Chess Club"]
[Date "2012.12.14"]
[Round "5"]
[White "Barrett-CCSCSL"]
[Black "Warren"]
[Result "1/2-1/2"]
[WhiteElo "2140"]
[BlackElo "2235"]
[Opening "Queen's pawn game"]
[ECO "D02"]
[Time "10:00:43"]
[TimeControl "2700+45"]

1. d4 d5 2. Nf3 c6 3. e3 e6 4. Be2 Bd6 5. Nbd2 f5 6. g3 Nf6 7. Ng5 O-O 8. c4 Ne4
9. Ngxe4 fxe4 10. f3 Qg5 11. f4 Qh6 12. b3 Nd7 13. O-O Nf6 14. c5 Bc7 15. h4 Bd7
16. Rf2 Kh8 17. Nf1 Ng8 18. Nh2 Ne7 19. Bd2 Qg6 {Game drawn by mutual agreement}
1/2-1/2

[Event "Team 45 45 League T55"]
[Site "Internet Chess Club"]
[Date "2012.12.16"]
[Round "5"]
[White "Fezzik"]
[Black "Campagnolo"]
[Result "1-0"]
[WhiteElo "2219"]
[BlackElo "2063"]
[Opening "QGD Slav: 4.Nc3"]
[ECO "D15"]
[Time "21:03:32"]
[TimeControl "2700+45"]

1. Nf3 d5 2. d4 Nf6 3. c4 c6 4. Nc3 a6 5. a4 e6 6. Bg5 Nbd7 7. cxd5 cxd5 8. e3
Bb4 9. Bd3 Qa5 10. O-O h6 11. Bh4 O-O 12. Rc1 Re8 13. Qc2 Bd6 14. Ne2 Rb8 15.
Bg3 Bxg3 16. Nxg3 b5 17. axb5 axb5 18. Ra1 Qb6 19. b4 Bb7 20. Ra5 Rec8 21. Qb2
Bc6 22. Rfa1 Ra8 23. Ne2 Ne4 24. Bxe4 dxe4 25. Nd2 Nf6 26. Nb3 Qd8 27. h3 Nd5
28. Nc5 Nb6 29. Qb1 Nc4 30. Rxa8 Rxa8 31. Nc3 Nd6 32. Ra2 Rxa2 33. Qxa2 Qa8 34.
Qxa8+ Bxa8 35. g4 g5 36. Kg2 Kg7 37. Kg3 Bc6 38. f3 exf3 39. e4 Nc4 40. Kxf3 Kg6
41. d5 exd5 42. exd5 Be8 43. Ke4 f6 44. Ne6 Nd6+ 45. Kd4 f5 46. gxf5+ Nxf5+ 47.
Kc5 Ne3 48. Ne4 g4 49. hxg4 Nxg4 50. Nd6 Bf7 51. Nf4+ Kf6 52. Nxf7 Kxf7 53. Kxb5
Ke7 54. Kc6 Ne5+ 55. Kc7 Nc4 56. b5 {Black resigns} 1-0

[Event "Team 45 45 League T55"]
[Site "Internet Chess Club"]
[Date "2012.12.17"]
[Round "5"]
[White "TerryMalloy"]
[Black "steadman"]
[Result "0-1"]
[WhiteElo "2008"]
[BlackElo "2131"]
[Opening "Dutch defense"]
[ECO "A91"]
[Time "22:06:46"]
[TimeControl "2700+45"]

1. d4 e6 2. c4 f5 3. g3 Nf6 4. Bg2 Be7 5. Nd2 O-O 6. Ngf3 d6 7. Qc2 Nc6 8. O-O
Qe8 9. e4 e5 10. Re1 Qh5 11. dxe5 dxe5 12. h3 fxe4 13. g4 Bxg4 14. hxg4 Nxg4 15.
Rxe4 Nd4 16. Qd3 Rad8 17. Rxd4 Rxd4 18. Qe2 Bh4 19. Ne4 Rxe4 20. Qxe4 Bxf2+ 21.
Kf1 Bd4 22. Ke2 Nf6 23. Qh4 Qg6 24. Qg5 Qe4+ 25. Kd1 Ng4 26. Ne1 Nf2+ 27. Kd2 h6
28. Qh5 Be3+ 29. Kc3 Qd4+ 30. Kb3 Nd3 31. Qg6 Nxc1+ 32. Rxc1 Bxc1 33. Bd5+ Kh8
34. Be4 Qxb2+ 35. Ka4 Qa3+ 36. Kb5 a6+ {White resigns} 0-1

[Event "Team 45 45 League T55"]
[Site "Internet Chess Club"]
[Date "2012.12.15"]
[Round "5"]
[White "PoisonPawn"]
[Black "jorobo"]
[Result "0-1"]
[WhiteElo "2022"]
[BlackElo "1997"]
[Opening "French: Tarrasch, closed variation"]
[ECO "C05"]
[Time "19:17:46"]
[TimeControl "2700+45"]

1. e4 e6 2. d4 d5 3. Nd2 Nf6 4. e5 Nfd7 5. Bd3 c5 6. c3 Nc6 7. Ngf3 g6 8. h4 h6
9. O-O g5 10. dxc5 Bxc5 11. Nb3 Be7 12. Nfd4 Ndxe5 13. Bb5 Bd7 14. Qh5 Nxd4 15.
Bxd7+ Qxd7 16. cxd4 Ng6 17. Nc5 Bxc5 18. dxc5 O-O-O 19. hxg5 hxg5 20. Qxg5 Rdg8
21. Qf6 Nh4 22. Bg5 e5 23. c6 Qg4 24. cxb7+ Kxb7 25. Qxf7+ Kb8 26. Qxd5 Nf3+ 27.
Qxf3 Qxf3 {White resigns} 0-1